 Dungeon Crawl Stone Soup version 0.28-a0-519-gbfeecf2fc5 (webtiles) character file.

Game seed: 10979931075788192813

37 speeev33 the Covered (level 3, -3/24 HPs)
             Began as a Gargoyle Fighter on Sept 24, 2021.
             Slain by Sigmund (8 damage)
             ... on level 2 of the Dungeon.
             The game lasted 00:01:44 (1838 turns).

speeev33 the Covered (Gargoyle Fighter)             Turns: 1838, Time: 00:01:45

Health: -3/24      AC: 10    Str: 20    XL:     3   Next: 39%
Magic:  3/3        EV:  9    Int:  8    God:
Gold:   62         SH:  4    Dex:  9    Spells: 2/2 levels left

rFire   . . .      SeeInvis .   a - +0 flail
rCold   . . .      Faith    .   c - +0 buckler
rNeg    + . .      Spirit   .   b - +0 scale mail
rPois   ∞          Reflect  .   (no helmet)
rElec   +          Harm     .   (no cloak)
rCorr   .          Rampage  .   (no gloves)
Will    .....                   (no boots)
Stlth   ..........              (no amulet)
HPRegen 0.08/turn               (no ring)
MPRegen 0.08/turn               (no ring)

@: mighty
A: sickness immunity, AC +3, negative energy resistance 1, electricity
resistance, torment resistance 1, petrification resistance
a: no special abilities


You were on level 2 of the Dungeon.
You visited 1 branch of the dungeon, and saw 2 of its levels.

You collected 62 gold pieces.

Inventory:

Hand Weapons
 a - a +0 flail (weapon)
Armour
 b - a +0 scale mail (worn)
 c - a +0 buckler (worn)
 h - a +0 tower shield
Scrolls
 f - a scroll of blinking {unknown}
 i - a scroll of teleportation {unknown}
 j - a scroll of magic mapping {unknown}
Potions
 d - a potion of might
 e - a potion of invisibility {unknown}
 g - a potion of flight {unknown}


   Skills:
 + Level 3.7 Fighting
 + Level 2.5 Maces & Flails
 + Level 3.7 Armour
 + Level 3.7 Shields


You had 2 spell levels left.
You didn't know any spells.
Your spell library was empty.

Dungeon Overview and Level Annotations

Branches:
Dungeon (2/15)

Altars:
Cheibriados

Annotations:
D:2 Sigmund


Innate Abilities, Weirdness & Mutations

You are immune to sickness and miasma.
Your stone body is resilient. (AC +3)
You are immune to poison.
You resist negative energy. (rN+)
You are resistant to electric shocks. (rElec)
You are resistant to unholy torment.
You are immune to petrification.


Message History

The hobgoblin closely misses you.
Sigmund mumbles some strange words.
Sigmund flickers and vanishes!
Deactivating autopickup; reactivate with Ctrl-A.
You block the hobgoblin's attack.
You feel very mighty all of a sudden. The hobgoblin barely misses you.
You closely miss the hobgoblin.
The hobgoblin is severely wounded.
Something hits you. The hobgoblin hits you.
You hit the hobgoblin.
You kill the hobgoblin!
You hear some strange, mumbled words.
A puff of flame appears from out of thin air!
The puff of flame misses you.
You see here 6 boomerangs.
You barely miss something. Something hits you. x2
You hit something. Something hits you.
You miss something.
You hear some strange, mumbled words.
Something tries to affect you, but you resist.
You hear some strange, mumbled words.
Something tries to affect you, but you resist.
You miss something. Something hits you.
You closely miss something. Something hits you but does no damage.
You hit something. Something hits you. x2
You sock something! You block something's attack.
You barely miss something.
You hear some strange, mumbled words.
Something tries to affect you, but you resist.
Something hits you but does no damage.
You barely miss something. Something hits you.
You miss something. Something hits you.
* * * LOW HITPOINT WARNING * * *
You miss something.
You hear some strange, mumbled words.
A magic dart appears from out of thin air!
The magic dart hits you but does no damage.
Something hits you!
You die...

####.# #.## ########
##.##.# #.# .......#
##.#.#.###.##
######.#
#.#.......(.# # #.#
##......##.## #
####.######.....<#..#
#
#...............#####
# #.##.######.##.## #
#<##.# ####@#
###.##.# #{# .......#
#'# .##.#### ...
.#...# ... .#.....
..... .#...... .....
...(...).. .......
#####...##


There were no monsters in sight!

Vanquished Creatures
  A dart slug (D:2)
  A bat (D:1)
  5 endoplasms
  A giant cockroach (D:2)
  2 goblins (D:1)
  5 hobgoblins
  4 kobolds
  5 ball pythons
  4 frilled lizards
  3 rats
31 creatures vanquished.

Vanquished Creatures (others)
  11 plants (D:2)
  9 withered plants (D:2)
20 creatures vanquished.

Grand Total: 51 creatures vanquished

Notes
Turn   | Place    | Note
-------+----------+-------------------------------------------
     0 | D:1      | speeev33 the Gargoyle Fighter began the quest for the Orb.
     0 | D:1      | Reached XP level 1. HP: 14/14 MP: 1/1
   129 | D:1      | Reached XP level 2. HP: 8/19 MP: 2/2
   948 | D:2      | Reached XP level 3. HP: 12/23 MP: 3/3
  1453 | D:2      | Found a snail-covered altar of Cheibriados.
  1819 | D:2      | Noticed Sigmund
  1838 | D:2      | Slain by Sigmund

Illustrated notes

Levels and vault maps discovered:
D:1:      minmay_arrival_five_plusses, layout_basic
D:2:      layout_loops_corners, basic_altar,
          shapermc_ecumenical_altar_flowoftime, minmay_tetromino_t4,
          uniq_sigmund

Action                   || total
-------------------------++-------
Melee: Flail             ||   110
  Use: Potion            ||     1
Armor: Scale mail        ||    49
Dodge: Dodged            ||    39
Block: Buckler           ||    15

Table legend: (Time is in decaauts)
 A = Elapsed time spent in this place.
 B = Non-inter-level travel time spent in this place.
 C = Inter-level travel time spent in this place.
 D = Time resting spent in this place.
 E = Time spent auto-exploring this place.
 F = Levels seen in this place.
 G = Mean time per level.
                   A        B        C        D        E       F      G
               +--------+--------+--------+--------+--------+-----+--------+
         Total |   1870 |   1841 |     29 |    413 |   1147 |   2 |  935.0 |
       Dungeon |   1870 |   1841 |     29 |    413 |   1147 |   2 |  935.0 |
               +--------+--------+--------+--------+--------+-----+--------+

Top non-repeatable levels by time:
     D:1: 944 daAuts
     D:2: 925 daAuts
